 Dungeon Crawl Stone Soup version 0.30.1-10-g1249ef9ec4 (webtiles) character file.

Game seed: 17961667351880392190

86 Wiggles the Chopper (level 4, -2/41 HPs)
             Began as a Minotaur Berserker on Oct 26, 2023.
             Was a Believer of Trog.
             Slain by a gnoll
             ... wielding a +0 spear
              (3 damage)
             ... on level 2 of the Dungeon.
             The game lasted 00:02:00 (1308 turns).

Wiggles the Chopper (Minotaur Berserker)            Turns: 1308, Time: 00:02:01

Health: -2/41      AC: 11    Str: 24    XL:     4   Next: 26%
Magic:  3/3        EV:  7    Int:  4    God:    Trog [**....]
Gold:   106        SH:  0    Dex:  9    Spells: 3/3 levels left

rFire   . . .        g - +0 war axe
rCold   . . .        (no shield)
rNeg    . . .        a - +0 plate armour
rPois   .            (helmet restricted)
rElec   .            (no cloak)
rCorr   .            (no gloves)
SInv    .            (no boots)
Will    .....        (no amulet) Stlth
                     (no ring)
HPRegen 0.26/turn    (no ring)
MPRegen 0.08/turn

%: no passive effects
@: on berserk cooldown, slowed, very slow
A: horns 2, retaliatory headbutt
a: Renounce Religion, Berserk, Trog's Hand


You were on level 2 of the Dungeon.
You worshipped Trog.
Trog was pleased with you.
You visited 1 branch of the dungeon, and saw 2 of its levels.

You collected 106 gold pieces.

Inventory:

Hand Weapons
 g - a +0 war axe (weapon)
Armour
 a - a +0 plate armour (worn)
Potions
 b - 4 potions of curing {unknown}
 c - a potion of attraction {unknown}
 d - a potion of ambrosia {unknown}
 e - a potion of haste {unknown}
 f - a potion of might {unknown}


   Skills:
 + Level 4.7 Fighting
 + Level 4.9 Axes
 + Level 3.1 Armour
 + Level 2.3 Dodging


You had 3 spell levels left.
You didn't know any spells.
Your spell library was empty.

Dungeon Overview and Level Annotations

Branches:
Dungeon (2/15)

Altars:

Shops:
D:2 !


Innate Abilities, Weirdness & Mutations

You have a pair of horns on your head.
You reflexively headbutt those who attack you in melee.


Message History

You have reached level 4!
You feel stronger.
You hit the gnoll.
The gnoll is moderately wounded.
The gnoll hits you but does no damage.
You closely miss the gnoll. You headbutt the gnoll!
You kill the gnoll!
Trog accepts your kill.
You are no longer berserk.
You are exhausted.
You feel yourself slow down.
Items here: ))) ††.
You see here a +2 flail of holy wrath.
The gnoll shouts!
A gnoll breaks down the door.
A gnoll comes into view. It is wielding a +0 club.
A gnoll sergeant comes into view. It is wielding a +0 spear.
The gnoll shouts!
The gnoll sergeant shouts!
You hear a shout!
A gnoll comes into view. It is wielding a +0 spear.
Found the +5 woodcutter's axe.
The gnoll hits you but does no damage.
You hit the gnoll.
The gnoll is heavily wounded.
The gnoll sergeant hits you from afar with a +0 spear.
The gnoll hits you with a +0 club.
The gnoll hits you from afar with a +0 spear.
The gnoll sergeant hits you from afar with a +0 spear.
The gnoll hits you but does no damage. x2; The gnoll hits you with a +0 spear.
The gnoll sergeant hits you with a +0 spear!
* * * LOW HITPOINT WARNING * * *
The gnoll hits you but does no damage. x2; The gnoll barely misses you.
The gnoll sergeant hits you but does no damage.
The gnoll sergeant attacks as you move away!
The gnoll sergeant hits you with a +0 spear.
* * * LOW HITPOINT WARNING * * *
The gnoll attacks as you move away!
The gnoll hits you but does no damage. x2
The gnoll sergeant hits you from afar with a +0 spear!
* * * LOW HITPOINT WARNING * * *
The gnoll hits you from afar with a +0 spear.
You die...

#................########
#.##########.............
#.# #####.####.... #)#
♣♣♣♣ ### #.... #.# ♣♣)..
♣ #.... #.# ♣♣♣..# ###
#.... #.# ♣♣♣....#...#
#.... #.#♣♣)..♣.g#...##
##.## #..))...@.g'..).#
#.#. ###♣♣...g♣g#...##
#.#. ♣♣♣.)..#...# ####'#.
♣♣♣..# ### #...... ♣... ♣
#...... ♣♣♣♣ ###......
#........ #...##.#.
#...##.+.


You could see a gnoll sergeant and 3 gnolls.

Vanquished Creatures
  4 gnolls (D:2)
  An adder (D:2)
  A dart slug (D:2)
  4 bats
  2 endoplasms (D:1)
  A giant cockroach (D:2)
  6 goblins
  A hobgoblin (D:2)
  5 kobolds
  2 quokkas (D:2)
  5 ball pythons
  A frilled lizard (D:1)
  3 rats
36 creatures vanquished.

Notes
Turn   | Place    | Note
-------+----------+-------------------------------------------
     0 | D:1      | Wiggles the Minotaur Berserker began the quest for the Orb.
     0 | D:1      | Reached XP level 1. HP: 19/19 MP: 0/0
    91 | D:1      | Reached XP level 2. HP: 22/27 MP: 1/1
   132 | D:1      | Found a faded altar of an unknown god.
   805 | D:2      | Found Puretif's Distillery.
   898 | D:2      | Reached ** piety under Trog
   899 | D:2      | Reached XP level 3. HP: 34/34 MP: 2/2
  1298 | D:2      | Reached XP level 4. HP: 41/41 MP: 3/3
  1303 | D:2      | Noticed a gnoll sergeant
  1304 | D:2      | Found the +5 woodcutter's axe
  1308 | D:2      | HP: 1/41 [gnoll sergeant/+0 spear (11)]
  1308 | D:2      | Slain by a gnoll

Illustrated notes

Levels and vault maps discovered:
D:1:      dpeg_arrival_pits, layout_basic,
          hellmonk_ecumenical_altar_inner_sanctum
D:2:      layout_basic, serial_shops, shop, minmay_statues_item,
          pf_guarded_unrand_woodcutter

Skill      XL: |  1  2  3 |
---------------+----------+-----
Fighting       | 4 |  4.7
Axes           | 4 |  4.9
Armour         | 3 |  3.1
Dodging        | |  2.3

Action                     |  1- 3 |  4- 6 || total
---------------------------+-------+-------++-------
  Melee: Hand axe          |    52 |       ||    52
         Headbutt          |     9 |     1 ||    10
         War axe           |    17 |     3 ||    20
 Invoke: Berserk           |     1 |       ||     1
 Armour: Leather armour    |     2 |       ||     2
         Chain mail        |    19 |       ||    19
         Plate armour      |     3 |     9 ||    12
  Dodge: Dodged            |    38 |     1 ||    39
